 Dungeon Crawl Stone Soup version 0.32-a0-918-g0f22ef8d61 (webtiles) character file.

Game seed: 15377235734176336074

75 senseless the Trooper (level 4, -11/41 HPs)
             Began as a Minotaur Fighter on Apr 10, 2024.
             Mangled by an ogre
             ... wielding a +0 giant spiked club
              (16 damage)
             ... on level 3 of the Dungeon.
             The game lasted 00:03:42 (1583 turns).

senseless the Trooper (Minotaur Fighter)            Turns: 1583, Time: 00:03:43

Health: -11/41     AC: 11    Str: 23    XL:     4   Next: 11%
Magic:  0/3        EV:  5    Int:  5    God:
Gold:   119        SH:  4    Dex:  9    Spells: 3/3 levels left

rFire   . . .        k - +2 long sword (freeze)
rCold   . . .        c - +0 buckler
rNeg    . . .        u - +0 plate armour
rPois   .            (helmet restricted)
rElec   .            (no cloak)
rCorr   .            (no gloves)
SInv    .            (no boots)
Will    .....        b - amulet of guardian spirit Stlth
                     (no ring)
HPRegen 0.26/turn    (no ring)
MPRegen 0.08/turn

%: guardian spirit
@: no status effects
A: horns 2, retaliatory headbutt
a: no special abilities


You were on level 3 of the Dungeon.
You visited 1 branch of the dungeon, and saw 3 of its levels.

You collected 119 gold pieces.

Inventory:

Hand Weapons
 a - a +0 war axe
 k - a +2 long sword of freezing (weapon)
Missiles
 t - 2 boomerangs (quivered)
Armour
 c - a +0 buckler (worn)
 u - a +0 plate armour (worn)
Jewellery
 b - an amulet of guardian spirit (around neck)
Scrolls
 e - a scroll of immolation {unknown}
 f - a scroll of teleportation {unknown}
 g - a scroll of noise {unknown}
 h - a scroll of revelation {unknown}
 i - 2 scrolls of fog {unknown}
 l - a scroll of vulnerability {unknown}
 m - 2 scrolls of amnesia {unknown}
 n - a scroll of torment {unknown}
 o - 3 scrolls of identify {unknown}
 s - a scroll of enchant weapon {unknown}
Potions
 d - a potion of might
 j - a potion of invisibility {unknown}
 p - a potion of ambrosia {unknown}
 q - 2 potions of cancellation {unknown}
 r - a potion of curing {unknown}


   Skills:
 * Level 4.6 Fighting
 + Level 3.5 Axes
 + Level 0.2 Throwing
 + Level 3.7 Armour
 + Level 4.5 Shields


You had 3 spell levels left.
You didn't know any spells.
Your spell library contained the following spells:

 Spells                   Type           Power      Damage    Failure   Level
 Cigotuvi's Dreadful Rot  Necr/Alch/Air  0%         N/A       100%        2
 Stone Arrow              Conj/Erth      0%         3d7       100%        3
 Animate Armour           Summ/Erth      0%         N/A       100%        4
 Ignite Poison            Fire/Alch      0%         N/A       100%        4
 Freezing Cloud           Conj/Ice/Air   0%         6-21      100%        5
 Lehudib's Crystal Spear  Conj/Erth      0%         10d2      100%        8


Dungeon Overview and Level Annotations

Branches:
Dungeon (3/15)

Altars:
The Shining One


Innate Abilities, Weirdness & Mutations

You have a pair of horns on your head.
You reflexively headbutt those who attack you in melee.


Message History

You open the door.
Found 9 stones.
There is an open door here.
Found an escape hatch in the ceiling.
q - 2 red potions
Found a blade talisman.
You see here a blade talisman.
Found a stone staircase leading down.
Found 4 poisoned darts.
Found a stone staircase leading down.
You now have 89 gold pieces (gained 9).
You now have 108 gold pieces (gained 19).
You now have 119 gold pieces (gained 11).
An ogre comes into view. It is wielding a +0 giant spiked club.
The ogre shouts!
You throw a boomerang.
The boomerang hits the ogre but does no damage.
You throw a boomerang. The boomerang hits the ogre.
The ogre is lightly wounded.
You hit the ogre but do no damage. Your headbutt misses the ogre.
The ogre is lightly wounded.
The ogre hits you with a +0 giant spiked club!!
You closely miss the ogre.
The ogre is lightly wounded.
The ogre barely misses you.
You hit the ogre. You freeze the ogre. You headbutt the ogre!
The ogre is heavily wounded.
You block the ogre's attack.
You slash the ogre! You freeze the ogre.
The ogre is almost dead.
The ogre barely misses you.
You barely miss the ogre.
The ogre is almost dead.
The ogre hits you with a +0 giant spiked club!!
* * * LOW HITPOINT WARNING * * *
You barely miss the ogre.
You headbutt the ogre, but do no damage.
The ogre is severely wounded.
The ogre hits you with a +0 giant spiked club!
You die...

..#.####.##.# ....
#.# #.##.# .... #.#
##.##.# ..# #.#
#.....# ....#.#
#..####
#####+#.#.#.# #..#
......... #.# #..#
.......O###.###..##
.......@..........#
...############.###
#.# #.# #.# #.# #.#
..# #.#


You could see an ogre.

Vanquished Creatures
  2 adders
  3 dart slugs
  4 bats
  8 endoplasms
  2 giant cockroaches (D:1)
  3 goblins
  8 hobgoblins
  6 kobolds
  2 quokkas (D:1)
  3 ball pythons
  A frilled lizard (D:2)
  3 rats
45 creatures vanquished.

Notes
Turn   | Place    | Note
-------+----------+-------------------------------------------
     0 | D:1      | senseless the Minotaur Fighter began the quest for the Orb.
     0 | D:1      | Reached XP level 1. HP: 19/19 MP: 0/0
    38 | D:1      | Reached XP level 2. HP: 27/27 MP: 1/1
   196 | D:1      | Reached XP level 3. HP: 28/33 MP: 2/2
  1198 | D:3      | Identified the +0 helmet of the Prince of Darkness {Harm
                  | rPois Regen+ Dex-4}
  1207 | D:3      | Found a glowing golden altar of the Shining One.
  1352 | D:3      | Reached XP level 4. HP: 31/41 MP: 3/3
  1405 | D:3      | Found a faded altar of an unknown god.
  1575 | D:3      | Noticed an ogre
  1583 | D:3      | Mangled by an ogre

Illustrated notes

Levels and vault maps discovered:
D:1:      beargit_arrival_greenhouse, layout_rooms, nicolae_figureground_sparkle
D:2:      layout_loops_cross, minmay_misc_feat_rugged
D:3:      layout_basic, zin_angel, lemuel_doored_altar,
          shapermc_ecumenical_altar_starsandcircs,
          nicolae_twisty_statue_hallways, uniq_crazy_yiuf_cottage

Skill      XL: |  1  2 |
---------------+-------+-----
Fighting       | 4 |  4.6
Shields        | 4 |  4.5
Axes           | 3 |  3.5
Throwing       | |  0.2
Armour         | |  3.7

Action                     |  1- 3 |  4- 6 || total
---------------------------+-------+-------++-------
  Melee: War axe           |    39 |       ||    39
         Headbutt          |    11 |     2 ||    13
         Long sword        |    37 |     7 ||    44
  Throw: Boomerang         |       |     2 ||     2
 Armour: Scale mail        |    48 |       ||    48
         Plate armour      |    13 |     3 ||    16
         Chain mail        |     7 |       ||     7
  Dodge: Dodged            |    32 |     3 ||    35
  Block: Buckler           |    22 |     1 ||    23

Table legend: (Time is in decaauts)
 A = Elapsed time spent in this place.
 B = Non-inter-level travel time spent in this place.
 C = Inter-level travel time spent in this place.
 D = Time resting spent in this place.
 E = Time spent auto-exploring this place.
 F = Levels seen in this place.
 G = Mean time per level.
                   A        B        C        D        E       F      G
               +--------+--------+--------+--------+--------+-----+--------+
         Total |   1615 |   1494 |    121 |      0 |   1188 |   3 |  538.3 |
       Dungeon |   1615 |   1494 |    121 |      0 |   1188 |   3 |  538.3 |
               +--------+--------+--------+--------+--------+-----+--------+

Top non-repeatable levels by time:
     D:2: 726 daAuts
     D:1: 488 daAuts
     D:3: 401 daAuts
